 Dungeon Crawl Stone Soup version 0.29.1-2-gbd0b4ee654 (webtiles) character file.

Game seed: 1132039493382114530

70 Uniporpoise the Insei (level 4, 0/28 HPs)
             Began as an Octopode Transmuter on Oct 27, 2022.
             Slain by an orc
             ... wielding a +0 hand axe
              (2 damage)
             ... on level 3 of the Dungeon.
             The game lasted 00:02:26 (2615 turns).

Uniporpoise the Insei (Octopode Transmuter)         Turns: 2615, Time: 00:02:26

Health: 0/28       AC:  2    Str:  9    XL:     4   Next: 21%
Magic:  5/7        EV: 19    Int: 23    God:
Gold:   147        SH:  0    Dex: 17    Spells: 3/7 levels left

rFire   . . .      SeeInvis .     - Unarmed
rCold   . . .      Faith    .   (shield currently unavailable)
rNeg    . . .      Spirit   .   (helmet currently unavailable)
rPois   x          Reflect  .   (no amulet)
rElec   .          Harm     .   b - +6 ring of intelligence
rCorr   .          Rampage  .   (no ring)
Will    .....                   (no ring)
Stlth   ++........              (no ring)
HPRegen 0.09/turn               (no ring)
MPRegen 0.10/turn               (no ring)
                                (no ring)
                                (no ring)

@: spider-form (expiring), invisible
A: venomous fangs, almost no armour, (amphibious), 8 rings, tiny, (camouflage
1), (gelatinous body 1), (nimble swimmer 1), (tentacles)
a: End Transformation


You were on level 3 of the Dungeon.
You were a venomous arachnid creature.
You visited 1 branch of the dungeon, and saw 3 of its levels.

You collected 147 gold pieces.

Inventory:

Jewellery
 b - a +6 ring of intelligence (left front leg)
 i - a ring of protection from cold
Scrolls
 c - 5 scrolls of identify {unknown}
 d - a scroll of noise {unknown}
 e - a scroll of vulnerability {unknown}
 f - 2 scrolls of teleportation {unknown}
Potions
 a - a potion of lignification
 h - a potion of flight {unknown}


   Skills:
 + Level 1.4 Fighting
 + Level 2.3 Dodging
 * Level 3.6 Unarmed Combat
 + Level 2.3 Spellcasting
 * Level 2.8 Transmutations
 + Level 0.8 Poison Magic


You had 3 spell levels left.
You knew the following spells:

 Your Spells              Type           Power      Damage    Failure   Level
a - Beastly Appendage     Tmut           30%        N/A       12%         1
b - Spider Form           Tmut/Pois      11%        N/A       36%         3

Your spell library contained the following spells:

 Spells                   Type           Power      Damage    Failure   Level
 Wereblood                Tmut           15%        N/A       17%         2
 Ice Form                 Ice/Tmut       9%         N/A       77%         4


Dungeon Overview and Level Annotations

Branches:
Dungeon (3/15)

Altars:


Innate Abilities, Weirdness & Mutations

You are a venomous arachnid creature.
You have poisonous fangs.
You are tiny and dextrous.
Your spellcasting is less reliable in this form.
Your armour is entirely melded.
You are incapable of wielding weapons or throwing items.
You cannot wear most types of armour.
((You are amphibious.))
You can wear up to eight rings at the same time.
((Your skin changes colour to match your surroundings (Stealth+).))
((Your rubbery body absorbs attacks. (AC +1, EV +1)))
((You are camouflaged when in or above water. (Stealth+)))
((You have tentacles for arms and can constrict up to eight enemies at once.))


Message History

You hit the orc.
The orc is severely wounded.
The orc completely misses you.
You bite the orc!
You kill the orc!
You hit the orc.
The orc is moderately wounded.
The orc hits you with a +0 club.
You hit the orc.
The orc is poisoned.
The orc is heavily wounded.
The orc barely misses you.
You hit the orc but do no damage.
The orc looks as sick as possible!
The orc is heavily wounded.
The orc barely misses you.
You barely miss the orc.
The orc is almost dead.
You kill the orc!
An orc comes into view. It is wielding a +0 hand axe.
Items here: ( ))) [[ ††.
Items here: ( ))) [[ ††.
A frilled lizard comes into view.
The orc shouts!
You hear a shout!
The frilled lizard moves out of view.
Your transformation is almost over.
The orc priest shouts!
The frilled lizard hisses angrily.
You see here a hobgoblin corpse.
The orc barely misses you.
You hit the orc but do no damage.
The orc is poisoned.
The orc priest calls down the wrath of Beogh upon you.
Beogh smites you!
Ouch! That really hurt!
* * * LOW HITPOINT WARNING * * *
The orc priest closely misses you. The orc misses you.
It was a potion of invisibility.
You fade into invisibility!
The orc priest closely misses you.
The frilled lizard completely misses you.
The orc hits you with a +0 hand axe.
You die...

######## ##
#..##......###.#
....".os.†.....#
...##.l.o).#)###
........^.#.#
.........###.##
..###..#.##...#####.
#.. #...............
#.. ##....#...######
#..## ###..##.##
...#####..##.#


You could see an orc priest (unable to see you), an orc (unable to see you,
poisoned) and a frilled lizard (unable to see you).

Vanquished Creatures
  An adder (D:2)
  A dart slug (D:1)
  3 orcs (D:3)
  6 bats
  3 endoplasms
  2 giant cockroaches
  8 goblins
  6 hobgoblins
  3 jackals (D:3)
  A quokka (D:1)
  3 ball pythons
  A frilled lizard (D:3)
  5 kobolds
  7 rats
50 creatures vanquished.

Notes
Turn   | Place    | Note
-------+----------+-------------------------------------------
     0 | D:1      | Uniporpoise the Octopode Transmuter began the quest for the
                  | Orb.
     0 | D:1      | Reached XP level 1. HP: 13/13 MP: 3/3
   398 | D:1      | Reached XP level 2. HP: 18/18 MP: 3/5
   952 | D:1      | Reached XP level 3. HP: 20/23 MP: 6/6
   956 | D:1      | Learned a level 3 spell: Spider Form
  2164 | D:2      | Found a faded altar of an unknown god.
  2366 | D:3      | Reached XP level 4. HP: 16/28 MP: 7/7
  2613 | D:3      | HP: 1/28 [orc priest/divine providence (16)]
  2615 | D:3      | Slain by an orc

Illustrated notes

Levels and vault maps discovered:
D:1:      psy_arrival_conway, layout_basic, minmay_misc_feat_rugged,
          dk_noncrumbling_3
D:2:      layout_loops_cross, nicolae_ecumenical_lake_church
D:3:      layout_loops_ring, mainiacjoe_overflow_surrounded_room,
          nicolae_overflow_hidden_temple

Action                   |  1- 3 |  4- 6 || total
-------------------------+-------+-------++-------
Melee: Unarmed           |    74 |    16 ||    90
       Kick              |    28 |     4 ||    32
       Constrict         |    22 |     3 ||    25
       Tentacles         |    10 |     4 ||    14
       Punch             |     2 |       ||     2
 Cast: Beastly Appendage |    34 |     1 ||    35
       Spider Form       |       |     1 ||     1
  Use: Potion            |       |     1 ||     1
 Stab: Sleeping          |    11 |       ||    11
Armor: Skin              |     7 |     2 ||     9
Dodge: Dodged            |    37 |    15 ||    52
